 Dungeon Crawl Stone Soup version 0.29-a0-234-g0dae59b3db (webtiles) character file.

Game seed: 14161149930974211470

249 pokeman the Magician (level 5, -3/29 HPs)
             Began as a Deep Elf Hedge Wizard on Mar 2, 2022.
             Killed from afar by an orc wizard (8 damage)
             ... with a magic dart
             ... on level 3 of the Dungeon.
             The game lasted 00:05:37 (3580 turns).

pokeman the Magician (Deep Elf Hedge Wizard)        Turns: 3580, Time: 00:05:38

Health: -3/29      AC:  4    Str:  7    XL:     5   Next: 86%
Magic:  9/16       EV: 12    Int: 21    God:
Gold:   196        SH:  0    Dex: 14    Spells: 6/17 levels left

rFire   + . .      SeeInvis .   i - staff of fire
rCold   . . .      Faith    .   (no shield)
rNeg    . . .      Spirit   .   q - +0 leather armour
rPois   .          Reflect  .   c - +0 hat
rElec   .          Harm     .   n - +0 cloak
rCorr   +          Rampage  .   (no gloves)
Will    .....                   (no boots)
Stlth   ++........              (no amulet)
HPRegen 0.09/turn               o - ring of resist corrosion
MPRegen 0.15/turn               (no ring)

@: no status effects
A: no striking features
a: no special abilities


You were on level 3 of the Dungeon.
You visited 1 branch of the dungeon, and saw 4 of its levels.

You collected 196 gold pieces.

Inventory:

Hand Weapons
 b - a +4 quarterstaff of chaos
Armour
 c - a +0 hat (worn)
 n - a +0 cloak (worn)
 q - a +0 leather armour (worn)
Magical Staves
 i - a staff of fire (weapon)
Jewellery
 o - a ring of resist corrosion (left hand)
Scrolls
 a - a scroll of summoning {unknown}
 d - 3 scrolls of amnesia {unknown}
 g - 3 scrolls of identify {unknown}
 h - 4 scrolls of silence {unknown}
 j - a scroll of noise {unknown}
 p - a scroll of magic mapping {unknown}
Potions
 e - 2 potions of curing {unknown}
 f - 2 potions of heal wounds {unknown}
 k - a potion of flight {unknown}
 l - a potion of haste {unknown}
 m - a potion of brilliance {unknown}


   Skills:
 - Level 1.0 Fighting
 - Level 1.1 Armour
 - Level 3.0 Dodging
 - Level 3.0 Stealth
 * Level 6.5 Spellcasting
 + Level 2.9 Conjurations
 - Level 1.1 Summonings
 - Level 1.1 Translocations
 - Level 1.0 Fire Magic
 - Level 1.0 Air Magic
 + Level 0.4 Poison Magic
 + Level 0.3 Evocations


You had 6 spell levels left.
You knew the following spells:

 Your Spells              Type           Power      Damage    Failure   Level
a - Magic Dart            Conj           76%        1d6       4%          1
b - Mephitic Cloud        Conj/Pois/Air  13%        N/A       22%         3
c - Call Imp              Summ           11%        N/A       13%         2
d - Blink                 Tloc           22%        N/A       13%         2
e - Conjure Flame         Conj/Fire      22%        6-21      19%         3

Your spell library contained the following spells:

 Spells                   Type           Power      Damage    Failure   Level
 Slow                     Hex            24%        N/A       14%         1


Dungeon Overview and Level Annotations

Branches:
Dungeon (4/15)
 Temple: D:4-7

Altars:


Message History

Casting: Mephitic Cloud (quite dangerous; 24% risk of failure)
Confirm with . or Enter, or press ? or * to list all spells.
A beastly little devil appears in a puff of frigid air.
You miss something.
An orc wizard appears from thin air!
Reactivating autopickup.
The orc wizard hits you with a +0 dagger.
* * * LOW HITPOINT WARNING * * *
Your white imp gestures at the orc wizard.
The puff of frost hits the orc wizard.
Casting: Call Imp (safe; 13% risk of failure)
Confirm with . or Enter, or press ? or * to list all spells.
You don't know that spell.
Sorry, you're not good enough to have a special ability.
Unknown command.
Casting: Call Imp (safe; 13% risk of failure)
Confirm with . or Enter, or press ? or * to list all spells.
Aiming: Magic Dart (safe; 4% risk of failure)
Press: ? - help, Shift-Dir - straight line, f - orc wizard
Aim: an orc wizard, wielding a +0 dagger and wearing a +0 robe (heavily wounded, ally target, 100% to hit)
The magic dart hits the orc wizard.
The orc wizard is severely wounded.
The orc wizard closely misses you.
Your white imp gestures at the orc wizard.
The puff of frost hits the orc wizard!
The orc wizard dies!
You start resting.
An orc wizard is nearby!
What are your orders? t - Shout!
Orders for allies: a - Attack new target. r - Retreat! s - Stop attacking. g - Guard the area. f - Follow me.
Anything else - Cancel.
Gang up on whom?
Press: ? - help, Dir - move target, f - orc wizard
Aim: an orc wizard, wielding a +0 dagger and wearing a +0 robe Attack!
The orc wizard points at you and mumbles some strange words.
The magic dart hits you!
You die...

#...........#######
#...######..# #..##
#..# #..# #..# #..#
#####..# #..#
#......# #..#
#.####)# ##..# #.#
#.# ##.#@###># #.#
#.###....####.#
##.#...5.o.)..#
##..##..##########
#..##...........#
#..###).#######.#
#..# ##.# #.# #..#
#.# #.# ####..# #.#
#.###


You could see an orc wizard (ally target) and a friendly white imp (summoned).

Vanquished Creatures
  A necrophage (D:4)
  Crazy Yiuf (D:3)
  Terence (D:2)
  5 adders
  3 dart slugs
  3 orcs
  6 ball pythons
  An endoplasm (D:3)
  3 giant cockroaches
  8 goblins
  7 hobgoblins
  3 jackals (D:1)
  A quokka (D:3)
  6 bats
  7 frilled lizards
  2 kobolds
  3 rats
61 creatures vanquished.

Vanquished Creatures (collateral kills)
  An orc wizard (D:3)
1 creature vanquished.

Vanquished Creatures (others)
  A fungus (D:3)
1 creature vanquished.

Grand Total: 63 creatures vanquished

Notes
Turn   | Place    | Note
-------+----------+-------------------------------------------
     0 | D:1      | pokeman the Deep Elf Hedge Wizard began the quest for the
                  | Orb.
     0 | D:1      | Reached XP level 1. HP: 10/10 MP: 7/7
   381 | D:1      | Reached XP level 2. HP: 16/16 MP: 4/9
   872 | D:1      | Reached skill level 5 in Spellcasting
   960 | D:1      | Reached XP level 3. HP: 18/20 MP: 3/11
  1365 | D:2      | Noticed Terence
  1372 | D:1      | Learned a level 3 spell: Mephitic Cloud
  1375 | D:1      | Learned a level 2 spell: Call Imp
  1378 | D:1      | Learned a level 2 spell: Blink
  1382 | D:1      | Learned a level 3 spell: Conjure Flame
  1516 | D:2      | Reached skill level 1 in Fighting
  1680 | D:2      | Found a faded altar of an unknown god.
  1760 | D:2      | Killed Terence
  1761 | D:2      | Reached skill level 1 in Armour
  1761 | D:2      | Reached XP level 4. HP: 25/25 MP: 5/13
  3166 | D:3      | Reached skill level 1 in Fire Magic
  3313 | D:3      | Found a runed translucent door.
  3314 | D:3      | Noticed Crazy Yiuf
  3318 | D:3      | Killed Crazy Yiuf
  3319 | D:3      | Reached skill level 6 in Spellcasting
  3319 | D:3      | Reached XP level 5. HP: 29/29 MP: 10/15
  3430 | D:4      | Reached skill level 1 in Air Magic
  3580 | D:3      | Killed from afar by an orc wizard

Illustrated notes

Levels and vault maps discovered:
D:1:      dpeg_arrival_ternary, layout_basic
D:2:      layout_loops_ring, nicolae_ecumenical_oubliette, uniq_terence
D:3:      layout_loops_ring, uniq_crazy_yiuf_cottage
D:4:      old_forge, layout_loops_ring,
          chequers_temple_overflow_statue_of_worship,
          cheibrodos_sewer_entry_bend

Skill      XL: |  1  2  3  4  5 |
---------------+----------------+-----
Spellcasting   | 5 6 |  6.5
Fighting       | 1 |  1.0
Armour         | 1 |  1.1
Conjurations   | 2 |  2.9
Dodging        | 3 |  3.0
Fire Magic     | 1 |  1.0
Stealth        | 3 |  3.0
Air Magic      | 1 |  1.0
Summonings     | |  1.1
Translocations | |  1.1
Poison Magic   | |  0.4
Evocations     | |  0.3

Action                   |  1- 3 |  4- 6 || total
-------------------------+-------+-------++-------
Melee: Dagger            |    16 |       ||    16
       Staff             |     2 |    31 ||    33
 Cast: Magic Dart        |    86 |    64 ||   150
       Mephitic Cloud    |     1 |     2 ||     3
       Conjure Flame     |     1 |     1 ||     2
       Call Imp          |       |     2 ||     2
       Blink             |       |     1 ||     1
Armor: Robe              |     6 |     3 ||     9
       Leather armour    |       |     8 ||     8
Dodge: Dodged            |    25 |    32 ||    57

Table legend: (Time is in decaauts)
 A = Elapsed time spent in this place.
 B = Non-inter-level travel time spent in this place.
 C = Inter-level travel time spent in this place.
 D = Time resting spent in this place.
 E = Time spent auto-exploring this place.
 F = Levels seen in this place.
 G = Mean time per level.
                   A        B        C        D        E       F      G
               +--------+--------+--------+--------+--------+-----+--------+
         Total |   3587 |   3407 |    180 |    107 |   2828 |   4 |  896.8 |
       Dungeon |   3587 |   3407 |    180 |    107 |   2828 |   4 |  896.8 |
               +--------+--------+--------+--------+--------+-----+--------+

Top non-repeatable levels by time:
     D:1: 1419 daAuts
     D:3: 1269 daAuts
     D:2: 841 daAuts
     D:4: 57 daAuts
